 Dungeon Crawl Stone Soup version bcrawl-1.13-1-g4ae1fcee6e (webtiles) character file.

Game seed: 5055367253180014674

37 Camlann the Skirmisher (level 3, -2/29 HPs)
             Began as a Demonspawn Archaeologist on July 29, 2019.
             Slain by Sigmund
             ... wielding a +0 scythe
              (12 damage)
             ... on level 2 of the Dungeon.
             The game lasted 00:01:46 (1675 turns).

Camlann the Skirmisher (Demonspawn Archaeologist)   Turns: 1675, Time: 00:01:47

Health: -2/29      AC:  6    Str:  9 (12) XL:     3   Next: 23%
Magic:  3/3        EV: 12    Int: 14 (15) God:
Gold:   88         SH:  0    Dex:  9 (11) Spells: 2/2 levels left

rFire    + . .     SeeInvis .   m - +0 short sword
rCold    . . .     Gourm    .   (no shield)
rNeg     . . .     Faith    .   b - +1 robe
rPois    .         Spirit   .   c - +1 hat
rElec    .         Reflect  .   (no cloak)
rCorr    .         Harm     .   (no gloves)
MR       .....                  d - +1 pair of boots
Stlth    +.........             (no amulet)
HPRegen  0.09/turn              j - ring of protection from fire
MPRegen  0.08/turn              (no ring)

@: confused, flying, studying Short Blades
A: large bone plates 1
a: no special abilities


You were on level 2 of the Dungeon.
You were hungry.

You visited 1 branch of the dungeon, and saw 2 of its levels.

You collected 88 gold pieces.


Innate Abilities, Weirdness & Mutations

You are partially covered in large bone plates. (SH +4)


   Skills:
 - Level 3.2 Fighting
 + Level 0.1 Short Blades
   Level 0.8 Maces & Flails
 - Level 2.6 Dodging
 - Level 3.0 Stealth


You had 2 spell levels left.
You didn't know any spells.
Your spell library was empty.

Dungeon Overview and Level Annotations

Branches:
Dungeon (2/12)

Altars:

Annotations:
D:2 Sigmund

Inventory:

Hand Weapons
 m - a +0 short sword (weapon)
   (You found it on level 1 of the Dungeon)
Armour
 b - a +1 robe (worn)
 c - a +1 hat (worn)
 d - a +1 pair of boots (worn)
Jewellery
 j - a ring of protection from fire (left hand)
   (You found it on level 1 of the Dungeon)
Wands
 l - a wand of polymorph (11)
   (You found it on level 2 of the Dungeon)
Scrolls
 h - 4 scrolls of identify {unknown}
Books
 e - a manual of Short Blades {!d}
Miscellaneous
 f - an ancient crate
Comestibles
 g - 3 rations {!d}

#>.###..........
##......####.####
#......## #.#
#.###..# #.#
##.....!# #.####
#..?....# #.....
#.{..#### ######
#....# #6#+## #.#
#.# #.# #.# #.#
#.# #.#


There were no monsters in sight!


Message History

You feel weakened.
You feel dopey.
You feel clumsy.
It was a potion of flight.
You feel very buoyant.
You fly up into the air.
Sigmund barely misses you.
It was a potion of ambrosia.
You are confused.
You feel invigorated. Sigmund barely misses you.
You feel less invigorated.
You feel less confused. You block Sigmund's attack.
You hit Sigmund.
Sigmund is moderately wounded.
Sigmund casts a spell at you. You resist with significant effort.
You hit Sigmund.
Sigmund is moderately wounded.
Sigmund gestures at you while chanting. The magic dart hits you!
You hit Sigmund.
Sigmund is heavily wounded.
Sigmund hits you with a +0 scythe.
You closely miss Sigmund.
Sigmund is heavily wounded.
Sigmund closely misses you.
You barely miss Sigmund.
Sigmund is heavily wounded.
You hit Sigmund.
Sigmund is heavily wounded.
Sigmund closely misses you.
You barely miss Sigmund.
Sigmund is heavily wounded.
Sigmund casts a spell at you. The puff of flame hits you! You resist.
* * * LOW HITPOINT WARNING * * *
You barely miss Sigmund.
Sigmund is heavily wounded.
Sigmund hits you but does no damage.
You hit Sigmund.
Sigmund is severely wounded.
Sigmund hits you but does no damage.
You barely miss Sigmund.
Sigmund is severely wounded.
You barely miss Sigmund.
Sigmund is severely wounded.
You block Sigmund's attack.
You hit Sigmund.
Sigmund is severely wounded.
Sigmund gestures at you while chanting. You resist with significant effort.
You barely miss Sigmund.
Sigmund is severely wounded.
Sigmund points at you and mumbles some strange words.
You are confused.
Unknown command.
You hit Sigmund.
Sigmund is almost dead.
Sigmund hits you with a +0 scythe.
* * * LOW HITPOINT WARNING * * *
You hit Sigmund but do no damage.
Sigmund is almost dead.
You are feeling hungry.
Sigmund misses you.
You bump into the closed door.
You miss Sigmund.
Sigmund is almost dead.
Sigmund gestures wildly while chanting.
Sigmund flickers and vanishes!
Deactivating autopickup; reactivate with Ctrl-A.
Something hits you!
You die...

Action                   || total
-------------------------++-------
Melee: Whip              ||    99
       Short sword       ||    23
  Use: Potion            ||     3
 Stab: Sleeping          ||     4
  Eat: Chunk             ||     2
Armor: Robe              ||    25
Dodge: Dodged            ||    69
Block: Other             ||    13

Levels and vault maps discovered:
D:1:      doesnt_arrival_eight_statues, layout_loops_ring,
          roderic_cross_of_infinity
D:2:      cheibrodos_pilgrimage, layout_basic, minmay_misc_feat_columns,
          uniq_robin, uniq_sigmund

Notes
Turn   | Place    | Note
-------+----------+-------------------------------------------
     0 | D:1      | Camlann the Demonspawn Archaeologist began the quest for
                  | the Orb.
     0 | D:1      | Reached XP level 1. HP: 15/15 MP: 1/1
   305 | D:1      | Reached skill level 2 in Fighting
   362 | D:1      | Gained mutation: You are partially covered in large bone
                  | plates. (SH +4) [demonic ancestry]
   362 | D:1      | Reached XP level 2. HP: 22/22 MP: 2/2
  1028 | D:2      | Reached skill level 3 in Fighting
  1298 | D:2      | Reached XP level 3. HP: 20/29 MP: 3/3
  1645 | D:2      | Noticed Sigmund
  1675 | D:2      | Slain by Sigmund

Vanquished Creatures
  An adder (D:2)
  An ooze (D:2)
  4 leopard geckos
  A ball python (D:2)
  4 hobgoblins
  A quokka (D:1)
  4 bats
  3 kobolds
  2 rats (D:1)
21 creatures vanquished.
